 Dungeon Crawl Stone Soup version 0.18-a0-1484-g95ebbe1 (webtiles) character file.

291 MenacingMecha the Cleaver (level 6, -1/51 HPs)
             Began as a Hill Orc Berserker on Mar 3, 2016.
             Was a Priest of Trog.
             Slain by an orc
             ... wielding a +0 trident
              (6 damage)
             ... on level 4 of the Dungeon.
             The game lasted 00:06:39 (3097 turns).

MenacingMecha the Cleaver (Hill Orc Berserker)      Turns: 3097, Time: 00:06:39

Health: -1/51      AC:  7    Str: 20    XL:     6   Next: 32%
Magic:  6/6        EV: 10    Int:  9    God:    Trog [***...]
Gold:   145        SH:  0    Dex: 15    Spells: 0 memorised, 5 levels left

rFire  . . .     SeeInvis .     D - +0 war axe
rCold  . . .     Gourm    .     B - +0 scale mail
rNeg   . . .     Faith    .     (no shield)
rPois  .         Spirit   .     w - +0 helmet
rElec  .         Dismiss  .     (no cloak)
rCorr  .         Reflect  .     (no gloves)
SustAt .         Harm     .     (no boots)
MR     ++...                    (no amulet)
Stlth  ..........               (no ring)
                                h - +5 ring of dexterity

@: lethally poisoned (-1 -> -4), exhausted, regenerating, slowed, very slow,
very resistant to hostile enchantments, extremely unstealthy
A: no striking features
a: Berserk, Trog's Hand, Burn Spellbooks, Renounce Religion


You were on level 4 of the Dungeon.
You worshipped Trog.
Trog was most pleased with you.
You were very hungry.

You visited 1 branch of the dungeon, and saw 4 of its levels.

You collected 145 gold pieces.

Inventory:

Hand Weapons
 D - a +0 war axe (weapon)
Missiles
 z - 9 tomahawks (quivered)
Armour
 w - a +0 helmet (worn)
 B - a +0 scale mail (worn)
Jewellery
 h - a +5 ring of dexterity (left hand)
 x - an uncursed ring of fire
Wands
 F - a wand of teleportation (4/9)
Scrolls
 b - 5 scrolls of identify {unknown}
 d - 5 scrolls of remove curse {unknown}
 e - 3 scrolls of immolation {unknown}
 f - 2 scrolls of teleportation {unknown}
 i - a scroll of enchant weapon {unknown}
 m - a scroll of fear {unknown}
 p - 2 scrolls of noise {unknown}
 t - 3 scrolls of blinking {unknown}
 u - a scroll of recharging {unknown}
 y - 2 scrolls of fog {unknown}
 C - a scroll of magic mapping {unknown}
 G - a scroll of amnesia {unknown}
Potions
 g - 4 potions of heal wounds {unknown}
 j - a potion of haste {unknown}
 k - a potion of berserk rage {unknown}
 l - a potion of curing {unknown}
 o - a potion of brilliance {unknown}
 r - a potion of invisibility {unknown}
 A - a potion of magic {unknown}
 E - a potion of might {unknown}
Comestibles
 a - 2 chunks of flesh
 c - 4 bread rations
 n - 2 meat rations
 q - a beef jerky
 s - 2 slices of pizza
 v - 4 fruits


   Skills:
 - Level 3.6 Fighting
 + Level 9.1 Axes
 - Level 2.1 Armour
 - Level 1.5 Dodging


You had 5 spell levels left.
You didn't know any spells.

Dungeon Overview and Level Annotations

Branches:
Dungeon (4/15)
 Temple: D:4-7

Altars:
Fedhas
Yredelemnul


Message History

Unknown command.
You slash the orc wizard!
The orc wizard is severely wounded.
You hit the orc.
The orc is lightly wounded.
You slash the orc!
You kill the orc!
Trog accepts your kill.
You feel very sick.
The orc wizard hits you with a dagger of venom.
* * * LOW HITPOINT WARNING * * *
The orc barely misses you. The orc wizard barely misses you.
You completely miss the orc wizard.
The orc wizard is severely wounded.
You hit the orc.
The orc is heavily wounded.
* * * LOW HITPOINT WARNING * * *
You feel very sick. The orc hits you with a trident.
You die...

#.# ####..###...>.
#.<####... .........
#...##..## #.......
#........###>...#..
##........#...##....
#............# ##.#. #
#...))...†####....
.####.#.>.)†............
.......@..#.....#####.<.
......oo....#..## #...
.##.....#####.## ####
#...........# #
##...######## # ####


You could see an orc wizard and an orc.

Vanquished Creatures
  A gnoll shaman (D:4)
  A hound (D:4)
  Ijyb (D:3)
  A worker ant (D:4)
  5 gnolls (D:4)
  3 adders
  An ooze (D:4)
  A worm (D:3)
  6 giant geckos
  13 orcs
  2 ball pythons
  3 bats
  4 giant cockroaches
  4 goblins
  6 hobgoblins
  11 jackals
  2 quokkas (D:4)
  11 giant newts
  5 kobolds
  3 rats
84 creatures vanquished.

Notes
Turn   | Place    | Note
--------------------------------------------------------------
     0 | D:1      | MenacingMecha the Hill Orc Berserker began the quest for the Orb.
     0 | D:1      | Reached XP level 1. HP: 19/19 MP: 1/1
   466 | D:1      | Reached XP level 2. HP: 26/26 MP: 2/2
   511 | D:1      | You fall through a shaft!
   553 | D:2      | Reached skill level 5 in Axes
   669 | D:2      | Reached XP level 3. HP: 31/31 MP: 3/3
  1167 | D:2      | Reached ** piety under Trog
  1251 | D:2      | Reached skill level 6 in Axes
  1667 | D:3      | Reached XP level 4. HP: 39/39 MP: 4/4
  1868 | D:3      | Found a blossoming altar of Fedhas.
  2021 | D:3      | Noticed Ijyb
  2038 | D:3      | Killed Ijyb
  2038 | D:3      | Reached skill level 7 in Axes
  2038 | D:3      | Reached XP level 5. HP: 45/45 MP: 5/5
  2631 | D:3      | Reached *** piety under Trog
  2813 | D:4      | Reached skill level 8 in Axes
  3013 | D:4      | Found a basalt altar of Yredelemnul.
  3078 | D:4      | Reached XP level 6. HP: 51/51 MP: 6/6
  3083 | D:4      | Reached skill level 9 in Axes
  3097 | D:4      | Slain by an orc

Vault maps used:
D:1:      lightli_arrival_statue_moat, minmay_door_square
D:2:      first_bread, minmay_lizard_king
D:3:      lemuel_round_altar, uniq_iyjb
D:4:      kennysheep_little_box

Skill      XL: |  1  2  3  4  5  6 |
---------------+-------------------+-----
Axes           | 5 6 7 8 9 |  9.1
Fighting       | |  3.6
Armour         | |  2.1
Dodging        | |  1.5

Action                   |  1- 3 |  4- 6 || total
-------------------------+-------+-------++-------
Melee: Hand axe          |   137 |    87 ||   224
       War axe           |       |    30 ||    30
Invok: Berserk           |     2 |     3 ||     5
       Trog's Hand       |       |     1 ||     1
  Eat: Chunk             |     4 |     7 ||    11
